 Dungeon Crawl Stone Soup version 0.21.1-1-g345015f (webtiles) character file.

320 wojtek the Conjurer (level 6, -7/32 HPs)
             Began as a Kobold Conjurer on Mar 28, 2018.
             Mangled by a gnoll
             ... wielding a +0 spear
              (13 damage)
             ... on level 4 of the Dungeon.
             The game lasted 00:12:43 (5895 turns).

wojtek the Conjurer (Kobold Conjurer)               Turns: 5895, Time: 00:12:44

Health: -7/32      AC:  2    Str:  5    XL:     6   Next: 75%
Magic:  1/9        EV: 15    Int: 18    God:
Gold:   161        SH:  0    Dex: 16    Spells: 8/9 levels left

rFire    . . .     SeeInvis .   u - +2 short sword (drain)
rCold    . . .     Gourm    .   (shield restricted)
rNeg     . . .     Faith    .   a - +0 robe
rPois    +         Spirit   .   t - +0 helmet (curse)
rElec    .         Reflect  .   (no cloak)
rCorr    .         Harm     .   (no gloves)
MR       .....                  (no boots)
Stlth    ++........             (no amulet)
HPRegen  0.10/turn              (no ring)
MPRegen  0.11/turn              (no ring)

@: no status effects
A: small, carnivore, deformed body, poison resistance, subdued magic 2
a: no special abilities


You were on level 4 of the Dungeon.
You were very full.

You visited 1 branch of the dungeon, and saw 4 of its levels.

You collected 161 gold pieces.

Inventory:

Hand Weapons
 r - a +0 short sword
 u - a +2 short sword of draining (weapon)
Missiles
 i - a throwing net (quivered)
Armour
 a - a +0 robe (worn)
 p - a +0 buckler
 t - a cursed +0 helmet (worn)
Jewellery
 h - an uncursed amulet of guardian spirit {unknown}
Wands
 g - a wand of acid (7)
Scrolls
 e - a scroll of fear {unknown}
 f - 2 scrolls of enchant armour {unknown}
 k - 2 scrolls of teleportation
 l - 5 scrolls of remove curse {unknown}
 m - a scroll of fog {unknown}
 n - a scroll of amnesia {unknown}
 s - 2 scrolls of identify {unknown}
Potions
 d - a potion of heal wounds {unknown}
 o - a potion of cancellation
Books
 b - a book of Conjurations

   Spells                             Type                      Level
   a - Magic Dart                     Conjuration                  1
   b - Searing Ray                    Conjuration                  2
   c - Dazzling Spray                 Conjuration/Hexes            3
   d - Fulminant Prism                Conjuration/Hexes            4
   e - Force Lance                    Conjuration/Translocation    4
   f - Iskenderun's Mystic Blast      Conjuration                  4
Comestibles
 c - 6 rations


   Skills:
 - Level 2.4 Dodging
 - Level 2.6 Stealth
 - Level 2.1 Spellcasting
 + Level 7.6 Conjurations


You had 8 spell levels left.
You knew the following spells:

 Your Spells              Type           Power        Failure   Level  Hunger
a - Magic Dart            Conj           ###.         1%          1    #......


Dungeon Overview and Level Annotations

Branches:
Dungeon (4/15)
 Temple: D:4-7

Altars:
Cheibriados
Dithmenos
Elyvilon
Nemelex Xobeh
Okawaru
Uskayaw
Zin

Shops:
D:4 =

Annotations:
D:2 Sigmund
D:3 Pad's ghost, amateur DsBe
D:4 Pad's ghost, amateur DsBe


Innate Abilities, Weirdness & Mutations

You are small and have problems with some larger weapons.
You are carnivorous and can eat meat at any time.
Armour fits poorly on your strangely shaped body.
Your system is resistant to poisons. (rPois)
Your spells are easier to cast, but less powerful.


Message History

Casting: Magic Dart
Confirm with . or Enter, or press ? or * to list all spells.
Aiming: Magic Dart
Press: ? - help, Shift-Dir - straight line, f/p - gnoll
Aim: a gnoll (heavily wounded)
The magic dart hits the gnoll.
The gnoll is severely wounded.
The gnoll completely misses you. The gnoll closely misses you.
The gnoll hits you from afar with a spear.
Casting: Magic Dart
Confirm with . or Enter, or press ? or * to list all spells.
Aiming: Magic Dart
Press: ? - help, Shift-Dir - straight line, f/p - gnoll
Aim: a gnoll (severely wounded)
The magic dart hits the gnoll.
You kill the gnoll!
The gnoll hits you from afar with a spear!
* * * LOW HITPOINT WARNING * * *
The gnoll hits you from afar with a spear!
You die...

#. .# #.##
.# %.. ..
..##. ....
# # gg#.#
#.##.#.#
#...@..# +
####.### #.
### #.# ..
.. #.#
###'## .#
#.#
......##.#
###.####
.........##
#......#
......#....
#.#.##.#
......#.##.
#.#..#.#
......#.##.


You could see 2 gnolls.

Vanquished Creatures
  An orc wizard (D:4)
  A worker ant (D:4)
  Robin (D:1)
  2 gnolls
  10 adders
  2 oozes
  7 worms
  A dart slug (D:2)
  2 leopard geckos (D:1)
  9 orcs
  2 bats
  6 giant cockroaches
  9 hobgoblins
  16 jackals
  A quokka (D:2)
  A ball python (D:2)
  2 frilled lizards (D:2)
  20 goblins
  A jackal skeleton (D:4)
  12 kobolds
  6 rats
112 creatures vanquished.

Notes
Turn   | Place    | Note
-------+----------+-------------------------------------------
     0 | D:1      | wojtek the Kobold Conjurer began the quest for the Orb.
     0 | D:1      | Reached XP level 1. HP: 10/10 MP: 3/3
   191 | D:1      | Reached XP level 2. HP: 8/15 MP: 0/5
   770 | D:1      | Reached XP level 3. HP: 12/19 MP: 1/6
  1175 | D:1      | Reached skill level 5 in Conjurations
  1275 | D:1      | Noticed a centaur
  1868 | D:2      | Reached XP level 4. HP: 21/24 MP: 3/7
  1898 | D:2      | Noticed Robin
  2178 | D:1      | Killed Robin
  2364 | D:1      | HP: 1/24 [goblin/club[Robin] (4)]
  3042 | D:2      | Found a hide-covered altar of Uskayaw.
  3042 | D:2      | Found a white marble altar of Elyvilon.
  3113 | D:2      | Found a snail-covered altar of Cheibriados.
  3131 | D:2      | Found a glowing silver altar of Zin.
  3149 | D:2      | Noticed Sigmund
  3194 | D:2      | Reached XP level 5. HP: 28/28 MP: 4/8
  3245 | D:2      | Reached skill level 6 in Conjurations
  3731 | D:3      | Noticed Pad's ghost (amateur DsBe)
  4270 | D:3      | Found a shadowy altar of Dithmenos.
  4276 | D:3      | Found a glowing drain.
  4314 | D:3      | Reached XP level 6. HP: 14/32 MP: 3/9
  4340 | D:3      | Gained mutation: Armour fits poorly on your strangely shaped body. [potion of mutation]
  4340 | D:3      | Gained mutation: Your spells are a little easier to cast, but a little less powerful. [potion of mutation]
  4340 | D:3      | Gained mutation: Your spells are easier to cast, but less powerful. [potion of mutation]
  4340 | D:3      | Gained mutation: Your system is resistant to poisons. (rPois) [potion of mutation]
  4345 | D:3      | Reached skill level 7 in Conjurations
  4872 | D:3      | Found a sparkling altar of Nemelex Xobeh.
  5066 | D:4      | Noticed Pad's ghost (amateur DsBe)
  5411 | D:4      | Found an iron altar of Okawaru.
  5501 | D:4      | Found Ovinus's Jewellery Shoppe.
  5534 | D:4      | Noticed a hippogriff
  5895 | D:4      | Mangled by a gnoll

Skill      XL: |  1  2  3  4  5  6 |
---------------+-------------------+-----
Conjurations   | 5 6 7 |  7.6
Dodging        | |  2.4
Stealth        | |  2.6
Spellcasting   | |  2.1

Action                   |  1- 3 |  4- 6 || total
-------------------------+-------+-------++-------
Melee: Whip              |    20 |     9 ||    29
       Short sword       |       |    99 ||    99
 Cast: Magic Dart        |    70 |   183 ||   253
  Use: Scroll            |       |     1 ||     1
       Potion            |       |     6 ||     6
 Stab: Sleeping          |       |     2 ||     2
  Eat: Chunk             |    11 |    15 ||    26
Armor: Robe              |     6 |    26 ||    32
Dodge: Dodged            |    41 |   187 ||   228
